Map: Crête de Lerilak

Players

Nandive

  • Race: Terran Terran
  • League: Silver
  • Spawn Location: 7:00

zidar - Winner!

  • Race: Zerg Zerg
  • League: Silver
  • Spawn Location: 5:00

VOD

Have the link to the VOD?

Description

Time

  • Played on: Jan. 23, 2016, 2:29 p.m.
  • Length: 9:03
Show
View Real Time Build Order
Export as new Build Order

Nandive Terran 

Build Orders: Hellion Opening 

Get SALT Encoding   

  12  0:01  SCV  
  13  0:13  SCV  
  14  0:18  Supply Depot  
  14  0:27  SCV  
  15  0:31  Refinery  
  15  0:40  SCV  
  16  0:46  Barracks  
  16  0:52  SCV  
  17  1:04  SCV  
  18  1:14  Supply Depot  
  18  1:16  SCV  
  19  1:24  Barracks  
  19  1:34  Orbital Command  
  19  1:41  Marine  
  20  2:01  Factory  
  20  2:10  Factory  
  20  2:14  Marine  
  21  2:16  SCV  
  21  2:17  Barracks Reactor  
  21  2:21  Supply Depot  
  22  2:28  SCV  
  23  2:32  Marine  
  24  2:40  SCV  
  25  2:50  Marine  
  26  2:52  SCV  
  27  3:04  SCV  
  27  3:05  Supply Depot, Hellion x2  
  32  3:07  Marine  
  32  3:12  Armory  
  33  3:16  Marine  
  34  3:23  SCV  
  34  3:25  Marine  
  34  3:26  Hellion x2  
  39  3:34  Marine  
  39  3:38  Supply Depot  
  40  3:43  Marine  
  40  3:47  SCV, Hellion  
  40  3:48  Hellion  
  46  3:52  Marine  
  47  3:59  SCV  
  47  4:01  Marine  
  49  4:04  Engineering Bay  
  49  4:09  Hellion  
  51  4:10  Marine  
  51  4:11  SCV  
  53  4:32  Command Center  
  53  4:43  Hellbat  
  55  4:48  Starport  
  55  4:49  Refinery  
  55  4:53  Supply Depot  
  41  5:20  Marine x2  
  37  5:23  Hellion  
  37  5:24  Hellion  
  37  5:25  SCV  
  37  5:28  Starport Tech Lab  
  41  5:38  Marine  
  42  5:45  Hellion x2  
  43  5:54  Orbital Command  
  43  5:59  SCV  
  43  6:02  Banshee  
  45  6:06  Hellion  
  47  6:11  SCV  
  47  6:15  Hellbat  
  50  6:23  SCV  
  50  6:24  Cloaking Field  
  51  6:28  Starport  
  51  6:32  Refinery  
  51  6:35  SCV  
  48  6:45  Banshee  
  49  6:47  SCV  
  36  6:56  SCV  
  36  6:59  SCV  
  33  7:13  SCV  
  33  7:15  Starport Tech Lab  
  31  7:17  SCV  
  23  7:27  Banshee  
  25  7:57  SCV  
  29  8:02  Starport Reactor  
  25  8:07  Orbital Command  
  18  8:16  SCV  
  17  8:22  Starport Tech Lab  
  13  8:34  SCV  
  14  8:46  SCV  
Show
View Real Time Build Order
Export as new Build Order

zidar Zerg - Winner!

Build Orders: Hatch First 

Get SALT Encoding   

  12  0:02  Drone  
  13  0:12  Overlord  
  13  0:17  Drone  
  14  0:30  Drone x2  
  14  0:34  Drone  
  17  0:58  Hatchery  
  17  0:59  Drone  
  17  1:13  Spawning Pool  
  17  1:15  Drone  
  17  1:20  Extractor  
  17  1:21  Drone  
  17  1:24  Drone  
  18  1:31  Overlord  
  18  1:38  Drone  
  19  1:55  Drone  
  20  2:06  Queen  
  22  2:11  Queen  
  22  2:13  Drone x3  
  27  2:31  Metabolic Boost  
  27  2:36  Zergling x8  
  31  2:47  Overlord  
  31  2:48  Overlord  
  31  3:08  Roach Warren  
  31  3:10  Extractor  
  29  3:16  Drone  
  29  3:17  Drone x5  
  35  3:36  Zergling x12  
  41  3:47  Pneumatized Carapace  
  41  3:53  Roach  
  41  3:54  Roach  
  45  4:12  Roach x3  
  45  4:16  Overlord x2  
  51  4:22  Overlord  
  51  4:43  Roach  
  51  4:44  Roach x6  
  38  5:16  Roach  
  38  5:17  Roach x7  
  46  5:29  Roach x3  
  48  5:59  Roach  
  48  6:00  Roach x4  
  58  6:04  Ravager  
  58  6:05  Ravager  
  58  6:08  Ravager  
  61  6:18  Queen  
  63  6:26  Lair  
  63  6:29  Drone x2  
  56  7:24  Spore Crawler  
  56  7:27  Spore Crawler  
  51  7:32  Spore Crawler  
  51  7:33  Spore Crawler  
  43  7:45  Ravager  
  37  8:05  Ravager  
  33  8:13  Zergling x2  
  33  8:14  Zergling x28  
  46  8:21  Queen x2  
  52  8:27  Drone x2  
  47  8:46  Spire  
Tags
 
Add a new tag
Caveats
  • Supply blocks, unpowered buildings, or Contaminate may cause inaccurate times.
  • Supply counts are checked every 10 seconds.